 Dungeon Crawl Stone Soup version 0.29.1-15-g9cfb28693d (webtiles) character file.

Game seed: 7436672390859168592

2563 TittyCrusher the Severer (level 10, -4/77 HPs)
             Began as a Meteoran Fighter on Mar 21, 2023.
             Was a Believer of Cheibriados.
             Killed by divine providence
             ... invoked by an orc priest
              (9 damage)
             ... on level 7 of the Dungeon.
             The game lasted 00:21:06 (2618 turns).

TittyCrusher the Severer (Meteoran Fighter)         Turns: 2618, Time: 00:21:08

Health: -4/77      AC:  9    Str: 26    XL:     10   Next: 11%
Magic:  11/11      EV:  9    Int: 15    God:    Cheibriados [**....]
Gold:   387        SH:  6    Dex: 26    Spells: 9/9 levels left

rFire   . . .      SeeInvis .   a - +1 war axe
rCold   . . .      Faith    .   c - +0 buckler
rNeg    + . .      Spirit   .   b - +0 scale mail
rPois   .          Reflect  .   i - +0 helmet
rElec   .          Harm     .   j - +0 cloak
rCorr   .          Rampage  .   (no gloves)
Will    +....                   (no boots)
Stlth   +.........              (no amulet)
HPRegen 0.22/turn               u - ring of positive energy
MPRegen 0.12/turn               y - +6 ring of dexterity

@: glowing, very slow
A: sense surroundings 2, otherworldly, glowing, explore regen
a: Renounce Religion, Bend Time


You were on level 7 of the Dungeon.
You worshipped Cheibriados.
Cheibriados was pleased with you.
You visited 2 branches of the dungeon, and saw 8 of its levels.

You collected 387 gold pieces.

Inventory:

Hand Weapons
 a - a +1 war axe (weapon)
 d - a +0 flail
 l - a +1 spectral quarterstaff
Missiles
 p - 9 poisoned darts (quivered)
 q - 2 throwing nets
Armour
 b - a +0 scale mail (worn)
 c - a +0 buckler (worn)
 i - a +0 helmet (worn)
 j - a +0 cloak (worn)
Magical Staves
 r - a staff of fire
Jewellery
 u - a ring of positive energy (left hand)
 y - a +6 ring of dexterity (right hand)
Wands
 h - a wand of iceblast (1)
Scrolls
 g - a scroll of teleportation
 s - 2 scrolls of immolation {unknown}
 t - a scroll of fear {unknown}
 v - a scroll of noise {unknown}
 w - a scroll of blinking {unknown}
 x - a scroll of poison {unknown}
Potions
 e - a potion of attraction
 f - a potion of invisibility
 k - a potion of heal wounds {unknown}
 m - 2 potions of haste
 n - 2 potions of cancellation
 o - 2 potions of ambrosia
 z - a potion of flight
 A - 2 potions of berserk rage {unknown}


   Skills:
 - Level 3.2 Fighting
 + Level 15.0 Axes
 - Level 3.6 Armour
 - Level 3.6 Shields


You had 9 spell levels left.
You didn't know any spells.
Your spell library contained the following spells:

 Spells                   Type           Power      Damage    Failure   Level
 Gell's Gravitas          Tloc           0%         N/A       94%         3
 Teleport Other           Tloc           0%         N/A       94%         3
 Freezing Cloud           Conj/Ice/Air   0%         6-21      100%        5
 Dispersal                Tloc           0%         N/A       100%        6
 Simulacrum               Ice/Necr       0%         N/A       100%        6
 Polar Vortex             Ice            0%         N/A       100%        9


Dungeon Overview and Level Annotations

Branches:
Dungeon (7/15) Zot: 2571   Temple (1/1) D:7 Zot: 866

Altars:
Ashenzari
Cheibriados
Elyvilon
Fedhas
Hepliaklqana
Kikubaaqudgha
Makhleb
Okawaru
Qazlal
Uskayaw
Yredelemnul
Zin

Shops:
D:6 [

Annotations:
D:3 1 runed translucent door, AverageBear's ghost, amateur DsFi
D:6 3 runed translucent doors, jtron's ghost, novice GnWn


Innate Abilities, Weirdness & Mutations

You passively map the area around you.
You are easily found by Zot.
You glow in the dark.
You regain HP and MP as you explore.


Message History

You hit the orc warrior but do no damage.
A centaur comes into view. It is wielding a +0 war axe.
You hit the orc warrior but do no damage.
The orc warrior hits you with a +0 hand axe.
You hit the orc warrior but do no damage.
The orc warrior hits you with a +0 hand axe!
You are too injured to fight recklessly!
You are too injured to fight recklessly!
You hit the orc warrior but do no damage.
The orc warrior hits you with a +0 hand axe.
You hit the orc warrior.
The orc warrior is lightly wounded.
You hit the orc warrior.
The orc warrior is lightly wounded.
The orc warrior misses you.
You closely miss the orc warrior.
The orc warrior is lightly wounded.
You block the orc warrior's attack.
You slash the orc warrior!
The orc warrior is heavily wounded.
The orc priest begins to cast a cantrip, but forgets the words!
The orc warrior hits you with a +0 hand axe!
* * * LOW HITPOINT WARNING * * *
You hit the orc warrior.
The orc warrior is severely wounded.
You completely miss the orc warrior.
The orc warrior is severely wounded.
The orc warrior hits you but does no damage.
You barely miss the orc warrior.
The orc warrior is severely wounded.
The orc warrior hits you with a +0 hand axe.
* * * LOW HITPOINT WARNING * * *
Unknown command.
You closely miss the orc warrior.
The orc warrior is severely wounded.
The orc warrior hits you with a +0 hand axe!
* * * LOW HITPOINT WARNING * * *
The orc priest mumbles some strange prayers to Beogh against you.
Beogh smites you!
You die...

#.# , ,,,
#.#### *, *
#....# , ,*
* ####.# *
, , #.# ,
### , #.#
.... , #.#
..... *
#.###o.....
**
#..@ooc....
, ,,
######.....
** ... *,,
, *, ,. , *
* , , , ,,
, , , ** *
,*


You could see an orc warrior, a centaur, an orc priest and an orc.

Vanquished Creatures
  Grinder (D:3)
  A steam dragon (D:7)
  3 black bears
  2 ogres
  A phantom (D:6)
  Blork the orc (D:6)
  2 bullfrogs (D:6)
  A gnoll sergeant (D:6)
  3 necrophages
  2 scorpions
  6 wights
  2 jellies
  4 orc priests
  4 hounds
  Terence (D:2)
  5 iguanas
  4 orc wizards
  Robin (D:2)
  6 adders
  11 gnolls
  2 white imps
  An ufetubus (D:4)
  A worm (D:3)
  3 dart slugs
  17 orcs
  3 ball pythons
  2 endoplasms (D:4)
  4 giant cockroaches
  17 goblins
  4 hobgoblins
  5 jackals
  3 quokkas
  3 bats
  4 frilled lizards
  4 kobolds
  A rat (D:3)
135 creatures vanquished.

Notes
Turn   | Place    | Note
-------+----------+-------------------------------------------
     0 | D:1      | TittyCrusher the Meteoran Fighter began the quest for the
                  | Orb.
     0 | D:1      | Reached XP level 1. HP: 19/19 MP: 2/2
     8 | D:2      | Noticed Robin
    34 | D:1      | Reached skill level 3 in Axes
    34 | D:1      | Reached XP level 2. HP: 12/26 MP: 3/3
   191 | D:2      | Reached XP level 3. HP: 22/31 MP: 4/4
   193 | D:2      | Reached skill level 4 in Axes
   194 | D:2      | Killed Robin
   303 | D:2      | Reached XP level 4. HP: 37/38 MP: 5/5
   315 | D:2      | Noticed Terence
   322 | D:2      | Killed Terence
   323 | D:2      | Reached skill level 5 in Axes
   325 | D:2      | Reached XP level 5. HP: 31/45 MP: 6/6
   558 | D:3      | Reached skill level 6 in Axes
   567 | D:3      | Found a hide-covered altar of Uskayaw.
   645 | D:3      | Found a basalt altar of Yredelemnul.
   675 | D:3      | Noticed Grinder
   758 | D:4      | Reached XP level 6. HP: 22/51 MP: 7/7
   784 | D:4      | Reached skill level 7 in Axes
   929 | D:3      | Noticed a +0 hand axe
   952 | D:3      | Paralysed by Grinder for 3 turns
   959 | D:3      | Paralysed by Grinder for 4 turns
   963 | D:3      | Killed Grinder
   964 | D:3      | Reached skill level 8 in Axes
   964 | D:3      | Reached XP level 7. HP: 33/57 MP: 8/8
  1211 | D:3      | Noticed AverageBear's ghost (amateur DsFi)
  1214 | D:3      | Found a runed translucent door.
  1294 | D:3      | Noticed a +0 hand axe
  1384 | D:4      | Reached skill level 9 in Axes
  1508 | D:5      | Entered Level 5 of the Dungeon
  1526 | D:5      | You fall into a shaft and drop 2 floors!
  1527 | D:7      | Found a staircase to the Ecumenical Temple.
  1535 | D:7      | Noticed a water moccasin
  1536 | Temple   | Entered the Ecumenical Temple
  1548 | Temple   | Became a worshipper of Cheibriados the Contemplative
  1579 | D:7      | Reached XP level 8. HP: 44/63 MP: 9/9
  1612 | D:6      | Reached skill level 10 in Axes
  1667 | D:6      | Reached skill level 11 in Axes
  1799 | D:6      | Noticed Blork the orc
  1806 | D:6      | Killed Blork the orc
  1815 | D:6      | Gained mutation: You passively map the area around you.
                  | [Meteoran growth]
  1815 | D:6      | Reached XP level 9. HP: 47/70 MP: 10/10
  1885 | D:6      | Reached skill level 12 in Axes
  1903 | D:6      | Reached * piety under Cheibriados
  1909 | D:6      | Identified the +8 scale mail "Wadyr" {Rampage +Blink Int+4
                  | Dex+2}
  1948 | D:5      | Reached skill level 13 in Axes
  2010 | D:6      | Found Duigaot's Armour Emporium.
  2131 | D:5      | Reached skill level 14 in Axes
  2160 | D:5      | Found an iron altar of Okawaru.
  2182 | D:5      | Reached ** piety under Cheibriados
  2226 | D:5      | Reached XP level 10. HP: 65/77 MP: 11/11
  2333 | D:5      | Found the +7 Throatcutter {drain, coup de grace}
  2392 | D:6      | Found a runed translucent gate.
  2392 | D:6      | Found a runed translucent gate.
  2392 | D:6      | Found a runed translucent gate.
  2393 | D:6      | Noticed jtron's ghost (novice GnWn)
  2540 | D:7      | Reached skill level 15 in Axes
  2565 | D:7      | Found a white marble altar of Elyvilon.
  2618 | D:7      | Killed from afar by an orc priest

Illustrated notes

Levels and vault maps discovered:
D:1:      spicycebolla_arrival_clurvy, layout_loops_ring,
          shapermc_ecumenical_altar_mp_urbaneastern, lemuel_flame_loot_1
D:2:      layout_loops_ring, uniq_robin, uniq_terence
D:3:      minmay_razor_zed, layout_rooms, mainiacjoe_overflow_surrounded_room,
          dancing_weapons_uskayaw, hellmonk_ghost_happy_afterlife,
          minmay_statues_item, uniq_grinder
D:4:      layout_gridville, lemuel_blue_sif_altar, minmay_misc_feat_tiny,
          roderic_cross_of_infinity, minmay_strange_pillars, grunt_ministairs_8
D:5:      layout_rooms, okawaru_metal_pillars_1_2
D:6:      layout_rooms, serial_shops, nicolae_shop_waterfront,
          ebering_ghost_rock_garden, kennysheep_generic_room_16,
          uniq_blork_the_orc, uniq_crazy_yiuf_cottage
D:7:      layout_basic, elyvilon_altar_4, minmay_temple_entry_wispy,
          serial_shops, shop, uniq_joseph
Temple:   hellmonk_temple_rainy

Skill      XL: |  1  2  3  4  5  6  7  8  9 10 |
---------------+-------------------------------+-----
Axes           | 3 4 5 6 8 9 11 14 15 | 15.0
Fighting       | |  3.2
Armour         | |  3.6
Shields        | |  3.6

Action                   |  1- 3 |  4- 6 |  7- 9 | 10-12 || total
-------------------------+-------+-------+-------+-------++-------
Melee: War axe           |    43 |   117 |   255 |    47 ||   462
Throw: Dart              |       |       |     3 |       ||     3
Evoke: Wand              |       |       |     7 |       ||     7
  Use: Potion            |       |     1 |     3 |       ||     4
       Scroll            |       |       |    12 |     2 ||    14
Armor: Scale mail        |    25 |    56 |   101 |    13 ||   195
Dodge: Dodged            |    22 |    45 |    80 |    19 ||   166
Block: Buckler           |    12 |    33 |    57 |    12 ||   114
